Unix NetHack Version 5.0.0-0 post-release - last build May 10 2026 23:12:36 (d1fa5d53e341ca933230fdaa984d921c805b60aa,branch:main).

Game began 2026-05-14 13:50:20, ended 2026-05-14 14:06:27.

Drastanta, lawful female human Samurai

         ---                      ---
        --.-----                ---.---
        |......|                |.....| |..|
       --....|.|                |.|...|--..-----
       |.....|.---              ----..--..>....| ---
       |-...)..).|  ----           --..........|--.--
       |...).<.|.---|..--        -----^...)....--...|
       --.|..)-|...--...---      |..--..............|
        ----------.)......- ------...........--------
                 |.........||..--.......--...---
                  ....-....--...........||.-...---
                     ...................--.......|
                      --..................-......|   ..|
                       --.......         . ......---...--
                                              .....--..@d.
                                              ..........q.
                                               .....---..
                                                 ..--  -

Drastanta the Ronin    St:17 Dx:16 Co:18 In:9 Wi:8 Ch:7  Lawful
Dlvl:5  $:10 HP:0(42) Pw:13(13) AC:4  Xp:4 T:1455 

Latest messages:
 v - a tripe ration.
 w - a granite ring.
 x - a partly used candle (lit).
 You push the boulder and suddenly it disappears!
 You swap places with the peaceful hobbit.
 Hachi misses the hobbit.
 Hachi bites the hobbit.
 The hobbit is killed!
 You descend the stairs.
 You can't go up here.
 You can't go up here.
 You climb up the stairs.
 You see here an elven dagger.
 You swap places with Hachi.
 You stop.  Hachi is in the way!
 The rothe hits!
 The rothe bites!
 The rothe bites again!
 The rothe hits!
 The rothe bites!
 The rothe misses!
 You miss the rothe.
 The rothe hits!
 The rothe bites!
 The rothe bites again!
 The rothe hits!
 The rothe bites!
 The rothe bites again!
 You hit the rothe.
 You hit the rothe!
 Hachi misses the rothe.
 The rothe misses!
 The rothe bites!
 The rothe misses!
 Hachi bites the rothe.
 The rothe hits Hachi.
 The rothe misses Hachi.
 The rothe misses Hachi.
 You kill the rothe!
 Hachi eats a rothe corpse.
 The rothe hits!
 The rothe bites!
 The rothe bites again!
 You hit the rothe!
 You miss the rothe.
 The rothe misses!
 The rothe bites!
 The rothe bites again!
 You die...
 Do you want your possessions identified? [ynq] (y) q

Inventory:
 Coins    ('$')
  $ - 10 gold pieces
 Weapons  (')')
  d - 42 +0 ya (in quiver)
  c - a +0 yumi (alternate weapon; not wielded)
  a - a +0 katana (weapon in right hand)
  b - a +0 wakizashi
 Armor    ('[')
  m - an uncursed +0 orcish helm
  e - an uncursed rustproof +0 splint mail (being worn)
 Comestibles  ('%')
  p - 2 uncursed cram rations
  l - an uncursed lembas wafer
  v - an uncursed tripe ration
 Scrolls  ('?')
  i - a blessed scroll of create monster
  r - an uncursed scroll of food detection
  h - an uncursed scroll of light
 Spellbooks  ('+')
  j - an uncursed spellbook of charm monster
  u - an uncursed spellbook of cone of cold
  t - an uncursed spellbook of jumping
  g - an uncursed spellbook of light
 Potions  ('!')
  f - an uncursed potion of oil
  s - a blessed potion of restore ability
 Rings    ('=')
  w - a cursed ring of teleportation
  o - an uncursed ring of warning
 Tools    ('(')
  q - a can of grease (0:8)
  n - an uncursed oil lamp
  x - an uncursed partly used wax candle (lit)

Drastanta the Samurai's attributes:

Background:
 You were a Ronin, a level 4 female human Samurai.
 You were lawful, nominally on a mission for Amaterasu Omikami
 who was opposed by Raijin (neutral) and Susanowo (chaotic).
 You were right-handed.
 You were in the Gnomish Mines, on level 5.
 You entered the dungeon 1455 turns ago.
 You had 137 experience points, 23 more were needed to attain level 5.

Basics:
 You had 0 out of 42 hit points.
 You had all 13 energy points (spell power).
 Your armor class was 4.
 Your wallet contained 10 zorkmids.
 Autopickup was off.

Final Characteristics:
 Your strength was 17 (limit:18/100).
 Your dexterity was 16 (limit:18).
 Your constitution was 18 (limit:18).
 Your intelligence was 9 (limit:18).
 Your wisdom was 8 (limit:18).
 Your charisma was 7 (limit:18).

Final Status:
 You weren't hungry.
 You were unencumbered.
 You were wielding a long sword.
 You had basic skill with long sword.

Final Attributes:
 You were devoutly aligned.
 You were warded.
 You were fast.
 You are dead.

Miscellaneous:
 You didn't encounter any bones levels.
 Total elapsed playing time was 16 minutes and 6 seconds.

Major events:
 Turn
    1: Drastanta the lawful female human Samurai entered the dungeon
  509: found Mjollnir in a shop
  819: entered the Gnomish Mines
 1146: attained the rank of Ronin (level 3)
 1455: killed by a rothe

You didn't know any spells.

Skills:
 Fighting Skills
   martial arts      [Basic]
   two weapon combat [Unskilled]
   riding            [Unskilled]
 Weapon Skills
   dagger            [Unskilled]
   knife             [Unskilled]
   short sword       [Basic]
   broadsword        [Unskilled]
   long sword        [Basic]
   two-handed sword  [Unskilled]
   saber             [Unskilled]
   flail             [Unskilled]
   quarterstaff      [Unskilled]
   polearms          [Unskilled]
   spear             [Unskilled]
   lance             [Unskilled]
   bow               [Basic]
   shuriken          [Unskilled]
 Spellcasting Skills
   attack spells     [Unskilled]
   divination spells [Unskilled]
   clerical spells   [Unskilled]

Voluntary challenges:
 Character rerolling was not enabled.
 You were an atheist.
 You were illiterate.
 You never genocided any monsters.
 You never polymorphed an object.
 You never changed form.
 You used no wishes.
Achievements:
 You entered a shop.
 You entered the Gnomish Mines.
 You attained the rank of Ronin.

 The Dungeons of Doom: levels 1 to 4
    Level 1:
    Level 2:
       A general store, a fountain.
    Level 3:
       A general store, a sink.
       Stairs down to The Gnomish Mines.
    Level 4:
 The Gnomish Mines: levels 4 to 6
    Level 4:
    Level 5: <- You were here.
       Final resting place for
          you, killed by a rothe.
    Level 6:


Vanquished creatures:
  a gnome leader
  a rothe
  a hobbit
  2 giant rats
  a green mold
 15 gnomes
  3 geckos
  4 jackals
  a goblin
  7 grid bugs
  a lichen
  a kobold zombie
  4 newts
42 creatures vanquished.

No species were genocided or became extinct.

Game over:
                       ----------
                      /          \
                     /    REST    \
                    /      IN      \
                   /     PEACE      \
                  /                  \
                  |    Drastanta     |
                  |      10 Au       |
                  |   killed by a    |
                  |      rothe       |
                  |                  |
                  |                  |
                  |       2026       |
                 *|     *  *  *      | *
        _________)/\\_//(\/(/\)/\//\/|_)_______

Sayonara Drastanta the Samurai...

You died in The Gnomish Mines on dungeon level 5 with 807 points,
and 10 pieces of gold, after 1455 moves.
You were level 4 with a maximum of 42 hit points when you died.

